| TOP OF THE 1ST |
|
Seattle Mariners batting - Pitching for Boston Red Sox : LHP Dom Chiti
|
|
Pitching: LHP Dom Chiti
|
|
|
Batting: SHB Miguel Dilone
|
0-0: Called Strike 0-1: Ball 1-1: Ground out 6-3 (Groundball, 56, EV 103.1 MPH)
|
|
Batting: LHB Jose Perales
|
0-0: Foul Ball, location: 2F 0-1: Ball 1-1: Ball 2-1: Foul Ball, location: 2F 2-2: Strikes out swinging
|
|
Batting: RHB Robin Yount
|
0-0: Foul Ball, location: 2F 0-1: Ball 1-1: Swinging Strike 1-2: Foul Ball, location: 2F 1-2: Strikes out looking
|
| Top of the 1st over - 0 runs, 0 hits, 0 errors, 0 left on base; Seattle 0 - Boston 0 |
| BOTTOM OF THE 1ST |
|
Boston Red Sox batting - Pitching for Seattle Mariners : LHP Tommy John
|
|
Pitching: LHP Tommy John
|
|
|
Batting: LHB Claudell Washington
|
0-0: Ball 1-0: SINGLE (Groundball, 6MD, EV 100.6 MPH)
|
|
Batting: RHB Richie Zisk
|
0-0: Ball 1-0: Ball 2-0: Swinging Strike 2-1: Ball 3-1: Fly out, F9 (Flyball, 89D, EV 87.5 MPH)
|
|
Batting: LHB George Brett
|
0-0: Ball 1-0: Called Strike 1-1: Foul Ball, location: 2F 1-2: Foul Ball, location: 2F 1-2: Ball 2-2: Fly out, F7 (Flyball, 7LS, EV 90.6 MPH)
|
|
Batting: RHB Jeff Burroughs
|
0-0: Ball 1-0: Foul Ball, location: 2F 1-1: Ball 2-1: Ball 3-1: Foul Ball, location: 2F 3-2: Strikes out looking
|
| Bottom of the 1st over - 0 runs, 1 hit, 0 errors, 1 left on base; Seattle 0 - Boston 0 |
| TOP OF THE 2ND |
|
Seattle Mariners batting - Pitching for Boston Red Sox : LHP Dom Chiti
|
|
Batting: LHB Don Mattingly
|
0-0: Called Strike 0-1: Foul Ball, location: 2F 0-2: Strikes out swinging
|
|
Batting: RHB Bobby Bonds
|
0-0: Ball 1-0: Ball 2-0: Ball 3-0: Base on Balls
|
|
Batting: LHB Mike Stenhouse
|
0-0: Ball 1-0: Called Strike 1-1: Called Strike 1-2: Strikes out swinging
|
|
Batting: RHB Ryne Sandberg
|
0-0: Called Strike 0-1: Ball 1-1: Ball 2-1: Ball 3-1: Foul Ball, location: 2F 3-2: SINGLE (Groundball, 4MD, EV 93.8 MPH) Bobby Bonds to second Bobby Bonds to third
|
|
Batting: RHB Ozzie Virgil
|
0-0: Ball 1-0: Foul Ball, location: 2F 1-1: Ball 2-1: SINGLE (Groundball, 5S, EV 63.1 MPH) (infield hit) Bobby Bonds scores Ryne Sandberg to second
|
|
Batting: LHB Ivan Flores
|
0-0: Ground out U3 (Groundball, 3, EV 82.5 MPH)
|
| Top of the 2nd over - 1 run, 2 hits, 0 errors, 2 left on base; Seattle 1 - Boston 0 |
| BOTTOM OF THE 2ND |
|
Boston Red Sox batting - Pitching for Seattle Mariners : LHP Tommy John
|
|
Batting: LHB Willie Aikens
|
0-0: Called Strike 0-1: Swinging Strike 0-2: Strikes out swinging
|
|
Batting: SHB Reggie Smith
|
0-0: Ball 1-0: Ball 2-0: Ball 3-0: Fly out, F8 (Flyball, 8RS, EV 93.8 MPH)
|
|
Batting: RHB Mark Grady
|
0-0: Ground out 5-3 (Groundball, 56S, EV 80.0 MPH)
|
| Bottom of the 2nd over - 0 runs, 0 hits, 0 errors, 0 left on base; Seattle 1 - Boston 0 |
| TOP OF THE 3RD |
|
Seattle Mariners batting - Pitching for Boston Red Sox : LHP Dom Chiti
|
|
Batting: SHB Miguel Dilone
|
0-0: Fly out, F7 (Line Drive, 7, EV 95.0 MPH)
|
|
Batting: LHB Jose Perales
|
0-0: Ball 1-0: Called Strike 1-1: Ball 2-1: Swinging Strike 2-2: Fly out, F8 (Line Drive, 8LD, EV 106.3 MPH)
|
|
Batting: RHB Robin Yount
|
0-0: Foul Ball, location: 2F 0-1: Foul Ball, location: 2F 0-2: Strikes out swinging
|
| Top of the 3rd over - 0 runs, 0 hits, 0 errors, 0 left on base; Seattle 1 - Boston 0 |
| BOTTOM OF THE 3RD |
|
Boston Red Sox batting - Pitching for Seattle Mariners : LHP Tommy John
|
|
Batting: SHB Scotti Madison
|
0-0: Fly out, F4 (Flyball, 4D, EV 93.8 MPH)
|
|
Batting: RHB Kevin Klettke
|
0-0: Ball 1-0: Ball 2-0: SINGLE (Groundball, 56D, EV 101.3 MPH)
|
|
Batting: LHB Claudell Washington
|
0-0: Ball 1-0: Called Strike 1-1: SINGLE (Groundball, 3S, EV 68.1 MPH) (infield hit) Kevin Klettke to second
|
|
Batting: RHB Richie Zisk
|
0-0: Swinging Strike 0-1: Ball 1-1: Fly out, F8 (Flyball, 8RM, EV 90.0 MPH)
|
|
Batting: LHB George Brett
|
0-0: Called Strike 0-1: Ball 1-1: Fly out, F5 (Popup, 5, EV 63.1 MPH)
|
| Bottom of the 3rd over - 0 runs, 2 hits, 0 errors, 2 left on base; Seattle 1 - Boston 0 |
| TOP OF THE 4TH |
|
Seattle Mariners batting - Pitching for Boston Red Sox : LHP Dom Chiti
|
|
Batting: LHB Don Mattingly
|
0-0: Ball 1-0: Ball 2-0: Called Strike 2-1: Swinging Strike 2-2: SINGLE (Line Drive, 7S, EV 103.8 MPH)
|
|
Batting: RHB Bobby Bonds
|
0-0: Swinging Strike 0-1: Foul Ball, location: 2F 0-2: Strikes out swinging
|
|
Batting: LHB Mike Stenhouse
|
0-0: Foul Ball, location: 2F 0-1: Swinging Strike 0-2: Foul Ball, location: 2F 0-2: Ball 1-2: Strikes out swinging
|
|
Batting: RHB Ryne Sandberg
|
0-0: Ball 1-0: Called Strike 1-1: Foul Ball, location: 2F 1-2: Ball 2-2: Strikes out swinging
|
| Top of the 4th over - 0 runs, 1 hit, 0 errors, 1 left on base; Seattle 1 - Boston 0 |
| BOTTOM OF THE 4TH |
|
Boston Red Sox batting - Pitching for Seattle Mariners : LHP Tommy John
|
|
Batting: RHB Jeff Burroughs
|
0-0: Ball 1-0: Swinging Strike 1-1: Called Strike 1-2: Strikes out swinging
|
|
Batting: LHB Willie Aikens
|
0-0: Ball 1-0: Ball 2-0: Called Strike 2-1: Ball 3-1: Called Strike 3-2: Fly out, F9 (Flyball, 9LM, EV 93.8 MPH)
|
|
Batting: SHB Reggie Smith
|
0-0: Ball 1-0: Called Strike 1-1: Reached on error, E5 (Groundball, 56S, EV 79.4 MPH)
|
|
Batting: RHB Mark Grady
|
0-0: Called Strike 0-1: Ball 1-1: SINGLE (Groundball, 4D, EV 104.4 MPH) Reggie Smith to second Runner from 2nd tries for 3rd, SAFE, throw by CF made to third
|
|
Batting: SHB Scotti Madison
|
0-0: Called Strike 0-1: Swinging Strike 0-2: Ball Wild Pitch! Reggie Smith scores Mark Grady to second 1-2: SINGLE (Flyball, 8RS, EV 99.4 MPH) Mark Grady to third Runner from 3rd tries for Home, SAFE, throw by CF to home Scotti Madison to second
|
|
Batting: RHB Kevin Klettke
|
0-0: Fly out, F8 (Flyball, 8RM, EV 85.6 MPH)
|
| Bottom of the 4th over - 2 runs, 2 hits, 1 error, 1 left on base; Seattle 1 - Boston 2 |
| TOP OF THE 5TH |
|
Seattle Mariners batting - Pitching for Boston Red Sox : LHP Dom Chiti
|
|
Batting: RHB Ozzie Virgil
|
0-0: Ball 1-0: Foul Ball, location: 2F 1-1: Ball 2-1: Fly out, F4 (Flyball, 4D, EV 79.4 MPH)
|
|
Batting: LHB Ivan Flores
|
0-0: Swinging Strike 0-1: Ball 1-1: Foul Ball, location: 2F 1-2: Ball 2-2: Ball 3-2: Ground out U3 (Groundball, 34, EV 91.3 MPH)
|
|
Batting: SHB Miguel Dilone
|
0-0: Ball 1-0: Called Strike 1-1: Swinging Strike 1-2: Foul Ball, location: 2F 1-2: Ball 2-2: Ball 3-2: Ground out 6-3 (Groundball, 6S, EV 65.6 MPH)
|
| Top of the 5th over - 0 runs, 0 hits, 0 errors, 0 left on base; Seattle 1 - Boston 2 |
| BOTTOM OF THE 5TH |
|
Boston Red Sox batting - Pitching for Seattle Mariners : LHP Tommy John
|
|
Batting: LHB Claudell Washington
|
0-0: Ground out 4-3 (Groundball, 4, EV 93.1 MPH)
|
|
Batting: RHB Richie Zisk
|
0-0: Ball 1-0: Swinging Strike 1-1: Called Strike 1-2: Ball 2-2: Strikes out swinging
|
|
Batting: LHB George Brett
|
0-0: Ball 1-0: SINGLE (Groundball, 4MD, EV 106.3 MPH)
|
|
Batting: RHB Jeff Burroughs
|
0-0: Fly out, F2 (Popup, 2LF, EV 82.5 MPH)
|
| Bottom of the 5th over - 0 runs, 1 hit, 0 errors, 1 left on base; Seattle 1 - Boston 2 |
| TOP OF THE 6TH |
|
Seattle Mariners batting - Pitching for Boston Red Sox : LHP Dom Chiti
|
|
Batting: LHB Jose Perales
|
0-0: Foul Ball, location: 2F 0-1: Called Strike 0-2: Ball 1-2: Ball 2-2: Ball 3-2: SINGLE (Line Drive, 34D, EV 96.9 MPH)
|
|
Batting: RHB Robin Yount
|
0-0: Called Strike 0-1: Ball 1-1: Called Strike 1-2: Ball 2-2: Strikes out swinging
|
|
Batting: LHB Don Mattingly
|
0-0: Ball 1-0: Ball 2-0: Called Strike 2-1: 2-RUN HOME RUN (Flyball, 9D, EV 109.4 MPH), Distance : 395 ft
|
|
Batting: RHB Bobby Bonds
|
0-0: Ground out 4-3 (Groundball, 4, EV 85.0 MPH)
|
|
Batting: LHB Mike Stenhouse
|
0-0: SINGLE (Groundball, 4MD, EV 99.4 MPH)
|
|
Batting: RHB Ryne Sandberg
|
0-0: Called Strike 0-1: Reached on error, E6 (Groundball, 56D, EV 86.3 MPH) Mike Stenhouse to second
|
|
Batting: RHB Ozzie Virgil
|
0-0: Called Strike 0-1: Foul Ball, location: 2F 0-2: Ball 1-2: Fly out, F9 (Flyball, 9LM, EV 85.6 MPH)
|
| Top of the 6th over - 2 runs, 3 hits, 1 error, 2 left on base; Seattle 3 - Boston 2 |
| BOTTOM OF THE 6TH |
|
Boston Red Sox batting - Pitching for Seattle Mariners : LHP Tommy John
|
|
Batting: LHB Willie Aikens
|
0-0: Called Strike 0-1: Ball 1-1: Ground out 3-1 (Groundball, 13, EV 75.6 MPH)
|
|
Batting: SHB Reggie Smith
|
0-0: Called Strike 0-1: Ball 1-1: Ball 2-1: Ball 3-1: Ground out 5-3 (Groundball, 56, EV 80.6 MPH)
|
|
Batting: RHB Mark Grady
|
0-0: Ball 1-0: Ball 2-0: Ground out 6-3 (Groundball, 6, EV 84.4 MPH)
|
| Bottom of the 6th over - 0 runs, 0 hits, 0 errors, 0 left on base; Seattle 3 - Boston 2 |
| TOP OF THE 7TH |
|
Seattle Mariners batting - Pitching for Boston Red Sox : LHP Dom Chiti
|
|
Pitching: LHP Gary Pickert
|
|
|
Batting: LHB Ivan Flores
|
0-0: Ball 1-0: Ball 2-0: Called Strike 2-1: Fly out, F8 (Flyball, 8LD, EV 101.3 MPH)
|
|
Batting: SHB Miguel Dilone
|
0-0: Ball 1-0: Ball 2-0: Foul Ball, location: 2F 2-1: Fly out, F5 (Popup, 5SF, EV 83.8 MPH)
|
|
Batting: LHB Jose Perales
|
0-0: Foul Ball, location: 2F 0-1: Called Strike 0-2: Ball 1-2: Strikes out looking
|
| Top of the 7th over - 0 runs, 0 hits, 0 errors, 0 left on base; Seattle 3 - Boston 2 |
| BOTTOM OF THE 7TH |
|
Boston Red Sox batting - Pitching for Seattle Mariners : LHP Tommy John
|
|
Batting: SHB Scotti Madison
|
0-0: Ball 1-0: Foul Ball, location: 2F 1-1: Called Strike 1-2: Foul Ball, location: 2F 1-2: Ground out 6-3 (Groundball, 6, EV 87.5 MPH)
|
|
Batting: RHB Kevin Klettke
|
0-0: Ball 1-0: SINGLE (Line Drive, 78S, EV 106.9 MPH)
|
|
Batting: LHB Claudell Washington
|
0-0: Ball 1-0: Called Strike 1-1: Fielders Choice at 2nd, 4-6 (Groundball, 4, EV 101.9 MPH)
|
|
Batting: RHB Richie Zisk
|
0-0: Ball 1-0: Fly out, F4 (Popup, 34S, EV 67.5 MPH)
|
| Bottom of the 7th over - 0 runs, 1 hit, 0 errors, 1 left on base; Seattle 3 - Boston 2 |
| TOP OF THE 8TH |
|
Seattle Mariners batting - Pitching for Boston Red Sox : LHP Gary Pickert
|
|
Batting: RHB Robin Yount
|
0-0: Ball 1-0: Called Strike 1-1: Ball 2-1: Ground out 5-3 (Groundball, 56, EV 102.5 MPH)
|
|
Batting: LHB Don Mattingly
|
0-0: Ball 1-0: Ball 2-0: Called Strike 2-1: SINGLE (Line Drive, 34D, EV 97.5 MPH)
|
|
Batting: RHB Bobby Bonds
|
0-0: Called Strike 0-1: Swinging Strike 0-2: Strikes out swinging
|
|
Batting: LHB Mike Stenhouse
|
0-0: Ball 1-0: Ball 2-0: Foul Ball, location: 2F 2-1: Foul Ball, location: 2F 2-2: Hit by Pitch Don Mattingly to second
|
|
Batting: RHB Ryne Sandberg
|
0-0: SINGLE (Groundball, 5S, EV 67.5 MPH) (infield hit) Don Mattingly to third Mike Stenhouse to second
|
|
Batting: RHB Ozzie Virgil
|
0-0: Ball 1-0: Fly out, F3 (Popup, 3SF, EV 85.6 MPH)
|
| Top of the 8th over - 0 runs, 2 hits, 0 errors, 3 left on base; Seattle 3 - Boston 2 |
| BOTTOM OF THE 8TH |
|
Boston Red Sox batting - Pitching for Seattle Mariners : LHP Tommy John
|
|
Now in CF: Ramon Estepa
|
|
|
Batting: LHB George Brett
|
0-0: Ball 1-0: Ball 2-0: Foul Ball, location: 2F 2-1: Ground out 1-3 (Groundball, 34S, EV 66.9 MPH)
|
|
Batting: RHB Jeff Burroughs
|
0-0: Called Strike 0-1: Ball 1-1: Foul Ball, location: 2F 1-2: Foul Ball, location: 2F 1-2: Foul Ball, location: 2F 1-2: Foul Ball, location: 2F 1-2: Foul Ball, location: 2F 1-2: Ball 2-2: Fly out, F8 (Flyball, 8LD, EV 99.4 MPH)
|
|
Batting: LHB Willie Aikens
|
0-0: Ground out U3 (Groundball, 3, EV 88.8 MPH)
|
| Bottom of the 8th over - 0 runs, 0 hits, 0 errors, 0 left on base; Seattle 3 - Boston 2 |
| TOP OF THE 9TH |
|
Seattle Mariners batting - Pitching for Boston Red Sox : LHP Gary Pickert
|
|
Batting: LHB Ivan Flores
|
0-0: Ball 1-0: Called Strike 1-1: Ball 2-1: Ball 3-1: Base on Balls
|
|
Pitching: RHP Luis Albo
|
|
|
Batting: SHB Miguel Dilone
|
0-0: Ball 1-0: Ball 2-0: Foul Ball, location: 2F 2-1: Ball 3-1: Base on Balls Ivan Flores to second
|
|
Batting: LHB Jose Perales
|
0-0: Ball 1-0: Called Strike Ivan Flores is caught stealing 3rd base 2-5 1-1: Ball 2-1: Ball 3-1: Called Strike 3-2: Fly out, F5 (Popup, 25F, EV 88.8 MPH)
|
|
Batting: RHB Robin Yount
|
0-0: Ball 1-0: Ball 2-0: Called Strike 2-1: SINGLE (Groundball, 56D, EV 95.0 MPH) Miguel Dilone to second Runner from 2nd tries for 3rd, SAFE, throw by LF made to third Robin Yount to second
|
|
Batting: LHB Don Mattingly
|
0-0: SINGLE (Line Drive, 8LS, EV 111.3 MPH) Miguel Dilone scores Robin Yount to third Runner from 3rd tries for Home, SAFE, throw by CF to home Don Mattingly to second
|
|
Batting: RHB Bobby Bonds
|
0-0: Called Strike 0-1: Ball 1-1: Ball 2-1: Foul Ball, location: 2F 2-2: Foul Ball, location: 2F 2-2: Ground out 5-3 (Groundball, 5L, EV 103.1 MPH)
|
| Top of the 9th over - 2 runs, 2 hits, 0 errors, 1 left on base; Seattle 5 - Boston 2 |
| BOTTOM OF THE 9TH |
|
Boston Red Sox batting - Pitching for Seattle Mariners : LHP Tommy John
|
|
Batting: SHB Reggie Smith
|
0-0: Ball 1-0: Ground out 4-3 (Groundball, 13, EV 78.1 MPH)
|
|
Batting: RHB Mark Grady
|
0-0: SINGLE (Flyball, 8LS, EV 92.5 MPH)
|
|
Batting: SHB Scotti Madison
|
0-0: Ball 1-0: Called Strike 1-1: Ball 2-1: Called Strike 2-2: Ball 3-2: Foul Ball, location: 2F 3-2: Foul Ball, location: 2F 3-2: Foul Ball, location: 2F 3-2: Grounds into double play, 6-4-3 (Groundball, 6, EV 98.1 MPH)
|
| Bottom of the 9th over - 0 runs, 1 hit, 0 errors, 0 left on base; Seattle 5 - Boston 2 |
|